 Dungeon Crawl Stone Soup version 0.16-a0-3841-g2612308 (webtiles) character file.

1136 BluebellGnoll the Caregiver (level 8, -4/75 HPs)
             Began as a Deep Dwarf Healer on Jan 29, 2015.
             Was a Believer of Elyvilon.
             Slain by a troll (6 damage)
             ... on level 6 of the Dungeon on Jan 30, 2015.
             The game lasted 00:32:10 (4905 turns).

BluebellGnoll the Caregiver (Deep Dwarf Healer)     Turns: 4905, Time: 00:32:10

Health: -4/75      AC:  9    Str: 24    XL:     8   Next: 14%
Magic:  17/18      EV: 10    Int: 12    God:    Elyvilon [**....]
Gold:   239        SH:  3    Dex: 12    Spells: 0 memorised, 7 levels left

rFire  + . .     SeeInvis .     m - +2 spear (venom)
rCold  . . .     Clarity  +     D - +2 ring mail {rF+}
rNeg   . . .     SustAb   .     E - +0 buckler
rPois  .         Gourm    .     (no helmet)
rElec  .         Spirit   .     (no cloak)
rCorr  .         Warding  .     e - +0 pair of gloves
rMut   .         Stasis   .     r - +0 pair of boots
MR     +....                    y - amulet of clarity (curse)
Stlth  +.........               (no ring)
                                (no ring)

@: mighty, non-regenerating, somewhat resistant to hostile enchantments, very
unstealthy
A: damage resistance, recharge devices, sense surroundings 1, slow healing 3
a: Device Recharging, Lesser Healing, Lesser Self-Healing, Divine Protection,
Purification, Renounce Religion


You were on level 6 of the Dungeon.
You worshipped Elyvilon.
Elyvilon was pleased with you.
You were near starving.

You visited 2 branches of the dungeon, and saw 7 of its levels.

You collected 309 gold pieces.
You spent 70 gold pieces at shops.

Inventory:

Hand weapons
 m - a +2 spear of venom (weapon)
 z - a +0 hand axe
 B - a +0 greatsling
Missiles
 h - a throwing net
 A - 3 tomahawks (quivered)
Armour
 e - a +0 pair of gloves (worn)
 r - a +0 pair of boots (worn)
 D - a +2 ring mail of fire resistance (worn)
 E - a +0 buckler (worn)
Jewellery
 i - an uncursed ring of ice
 y - a cursed amulet of clarity (around neck)
Magical devices
 d - a wand of heal wounds (9)
Scrolls
 k - 2 scrolls of recharging
 l - 2 scrolls of identify
 p - 4 scrolls of remove curse
 q - a scroll of fear
 v - 2 scrolls of amnesia
Potions
 a - a potion of invisibility
 b - 4 potions of curing
 c - 2 potions of heal wounds
Books
 w - a book of Burglary

   Spells                             Type                      Level
   a - Swiftness                      Charms/Air                   2
   b - Passwall                       Transmutation/Earth          3
   c - Passage of Golubria            Translocation                4
   d - Lee's Rapid Deconstruction     Earth                        5
   e - Invisibility                   Hexes                        6
   f - Darkness                       Hexes                        7
Comestibles
 f - 4 bread rations
 g - a meat ration
 n - 7 chunks of flesh
 o - 6 fruits
 s - a slice of pizza


   Skills:
 - Level 5.5 Fighting
 - Level 5.6 Axes
 - Level 2.1 Dodging
 + Level 7.8 Invocations


You had 7 spell levels left.
You didn't know any spells.

Dungeon Overview and Level Annotations

Branches:
Dungeon (6/15)             Temple (1/1) D:4

Altars:
Dithmenos
Qazlal
Trog
Vehumet

Shops:
D:5 ?


Innate Abilities, Weirdness & Mutations

You are resistant to damage.
You can recharge devices by infusing magical energy.
You passively map a small area around you.
You do not heal naturally.


Message History

You are near starving!
The troll bites you but does no damage. The troll misses you.
The troll closely misses you.
The troll looks more healthy.
Drink which item? (? for menu, Esc to quit)
You feel very mighty all of a sudden. The troll completely misses you.
The troll claws you!
* * * LOW HITPOINT WARNING * * *
The troll barely misses you.
You closely miss the troll.
The troll is heavily wounded.
The troll bites you!
* * * LOW HITPOINT WARNING * * *
The troll completely misses you. The troll barely misses you.
You puncture the troll!
The troll is severely wounded.
The troll bites you!
* * * LOW HITPOINT WARNING * * *
You block the troll's attack. The troll claws you!
You die...

#.#.# #.#.# #.#.#
* #.#.# #.#.#
#.#.# #>#.########
####...........# *
#...@T..........
#.####.#######.#
,, * #.# #.#######
, #.# #.....>.# ,
#.# ##.#####.# * *
#.#####.###...###*
,
.................#
*
#.#####.###...#.#
..# , #.#
##.##.##.#..#


You could see a troll.

Vanquished Creatures
  The ghost of smajdalf the Slicer, an average KoAs (D:4)
  An ice beast (D:5)
  An ogre (D:5)
  2 giant frogs (D:6)
  A scorpion (D:6)
  2 crimson imps (D:5)
  An orc priest (D:3)
  3 wights (D:3)
  A worker ant (D:4)
  2 orc wizards
  Natasha (twice) (D:5)
  An iguana (D:3)
  A worker ant zombie (D:6)
  10 gnolls
  An adder (D:3)
  A giant mite (D:5)
  2 worms
  An adder skeleton (D:5)
  An adder zombie (D:5)
  2 giant geckos
  An ooze (D:5)
  5 orcs
  6 bats
  2 bat skeletons (D:4)
  2 giant cockroaches
  4 hobgoblins
  5 giant newts
  5 goblins
  2 kobolds
  11 rats
80 creatures vanquished.

Vanquished Creatures (others)
  An iguana (D:5)
  An adder (D:5)
  5 orcs
  A ball python (D:4)
  A goblin (D:1)
  A rat (D:4)
10 creatures vanquished.

Grand Total: 90 creatures vanquished

Notes
Turn   | Place    | Note
--------------------------------------------------------------
     0 | D:1      | BluebellGnoll, the Deep Dwarf Healer, began the quest for the Orb.
     0 | D:1      | Reached XP level 1. HP: 16/16 MP: 2/2
   110 | D:1      | Reached skill level 1 in Fighting
   454 | D:1      | Reached XP level 2. HP: 21/26 MP: 2/4
   754 | D:2      | Found a radiant altar of Vehumet.
   811 | D:2      | Reached XP level 3. HP: 25/33 MP: 5/5
  1237 | D:2      | Reached XP level 4. HP: 20/43 MP: 1/7
  1387 | D:3      | Reached skill level 4 in Fighting
  1407 | D:3      | Reached XP level 5. HP: 27/51 MP: 4/8
  1423 | D:3      | Reached skill level 5 in Fighting
  2121 | D:3      | Reached skill level 1 in Axes
  2121 | D:3      | Reached XP level 6. HP: 18/61 MP: 8/10
  2375 | D:4      | Noticed smajdalf's ghost (average KoAs)
  2884 | D:4      | Found a staircase to the Ecumenical Temple.
  2929 | Temple   | Entered the Ecumenical Temple
  3026 | D:4      | Found a stormy altar of Qazlal.
  3093 | D:4      | Killed smajdalf's ghost
  3093 | D:4      | Reached XP level 7. HP: 54/67 MP: 11/11
  3599 | D:5      | Entered Level 5 of the Dungeon
  3946 | D:5      | Reached skill level 5 in Invocations
  3974 | D:5      | Reached skill level 6 in Invocations
  4034 | D:5      | Acquired Elyvilon's second power
  4064 | D:5      | Noticed Natasha
  4068 | D:5      | Killed Natasha
  4260 | D:5      | Found Leicil Throtz's Magic Scroll Shoppe.
  4268 | D:5      | Bought a scroll of random uselessness for 14 gold pieces
  4268 | D:5      | Bought a scroll of identify for 28 gold pieces
  4268 | D:5      | Bought a scroll of identify for 28 gold pieces
  4511 | D:5      | Reached skill level 5 in Axes
  4527 | D:5      | Noticed Natasha
  4538 | D:5      | Killed Natasha
  4585 | D:6      | Upgraded the game from 0.16-a0-3827-g034e2a6 to 0.16-a0-3841-g2612308
  4654 | D:6      | Reached XP level 8. HP: 59/75 MP: 14/18
  4657 | D:6      | Reached skill level 7 in Invocations
  4850 | D:6      | Noticed a troll
  4905 | D:6      | HP: 2/75 [troll (12)]
  4905 | D:6      | Slain by a troll

Action                   |  1- 3 |  4- 6 |  7- 9 || total
-------------------------+-------+-------+-------++-------
Melee: Spear             |    26 |   154 |   126 ||   306
       Whip              |    22 |       |       ||    22
       Hand axe          |       |       |   199 ||   199
Invok: Lesser Healing    |    40 |    46 |    46 ||   132
       Lesser Self-Heali |     4 |    19 |    16 ||    39
  Use: Scroll            |     6 |     1 |     9 ||    16
       Potion            |       |     1 |     2 ||     3
 Stab: Sleeping          |     2 |       |       ||     2
       Distracted        |     1 |       |       ||     1
  Eat: Chunk             |     7 |    16 |    12 ||    35
       Fruit             |       |       |     2 ||     2
